 Dungeon Crawl Stone Soup version 0.21.1-1-g345015f (webtiles) character file.

96 sking99 the Sneak (level 4, 26/26 HPs)
             Began as an Octopode Assassin on June 22, 2018.
             Was a Follower of Hepliaklqana.
             Quit the game on level 2 of the Dungeon.
             The game lasted 00:07:05 (2135 turns).

sking99 the Sneak (Octopode Assassin)               Turns: 2135, Time: 00:07:06

Health: 26/26      AC:  1    Str: 10    XL:     4   Next: 67%
Magic:  4/4        EV: 13    Int: 13    God:    Hepliaklqana [*.....]
Gold:   95         SH:  0    Dex: 14    Spells: 3/3 levels left

rFire    . . .     SeeInvis .   a - +2 dagger
rCold    . . .     Gourm    .   (no shield)
rNeg     . . .     Faith    .   (helmet restricted)
rPois    .         Spirit   .   (no amulet)
rElec    .         Reflect  .   (no ring)
rCorr    .         Harm     .   (no ring)
MR       .....                  (no ring)
Stlth    ++++......             (no ring)
HPRegen  0.08/turn              (no ring)
MPRegen  0.09/turn              (no ring)
                                (no ring)
                                (no ring)

@: no status effects
A: almost no armour, stealthy swim, amphibious, 8 rings, constrict 8, reduced
essence, camouflage 1, gelatinous body 1
a: Recall Ancestor, Ancestor Identity, Renounce Religion


You were on level 2 of the Dungeon.
You worshipped Hepliaklqana.
Hepliaklqana was aware of your devotion.
You were hungry.

You visited 1 branch of the dungeon, and saw 2 of its levels.

You collected 95 gold pieces.

Inventory:

Hand Weapons
 a - a +2 dagger (weapon)
 b - a +0 blowgun
Missiles
 c - 5 poisoned needles (quivered)
 d - 2 curare-tipped needles
Scrolls
 e - a scroll of enchant armour {unknown}
 g - a scroll of enchant weapon {unknown}
 i - 3 scrolls of identify {unknown}
 j - 2 scrolls of magic mapping {unknown}
 m - a scroll of teleportation {unknown}
Potions
 h - a potion of degeneration {unknown}
 l - a potion of haste {unknown}
Comestibles
 f - 4 rations


   Skills:
 - Level 2.0 Fighting
 + Level 2.5 Short Blades
 * Level 2.9 Throwing
 + Level 1.7 Dodging
 * Level 6.7 Stealth


You had 3 spell levels left.
You didn't know any spells.

Dungeon Overview and Level Annotations

Branches:
Dungeon (2/15)

Altars:
Hepliaklqana


Innate Abilities, Weirdness & Mutations

You cannot wear most types of armour.
You are very stealthy in the water. (Stealth+)
You are amphibious.
You can wear up to eight rings at the same time.
You can use your tentacles to constrict eight enemies at once.
Your skin changes colour to match your surroundings (Stealth+).
Your rubbery body absorbs attacks. (AC +1, EV +1)
Your life essence is reduced to manifest your ancestor. (-10% HP)


Message History

You hit the hobgoblin.
You kill the hobgoblin!
You start resting.
HP restored.
You see here a club.
You now have 95 gold pieces (gained 8).
You are feeling hungry.
You found a teleport trap!
You see here 18 stones.
Found a faded altar of an unknown god.
There is a faded altar of an unknown god here.
You cannot tell which god this altar belongs to.
Convert to them anyway?
Okay, then.
You cannot tell which god this altar belongs to.
Convert to them anyway?
Hepliaklqana accepts your prayer! Hepliaklqana welcomes you!
Hepliaklqana forms a fragment of your life essence into the memory of your ancestor, Xochipepe!
You can now recall your ancestor.
You can now remember your ancestor's identity.
Are you sure you want to abandon this character and quit the game? (Confirm with "yes".)

###.....###.## #.#
#.#
######...########.#
#.#
#####.......(.....#.#
#.#
#.....###.######.##)#
#.# #.##### #.#
##.##.# #.# #.#
#.^...#.###.# #.# #.#
###...##.##.# #.# #.#
.##.##R#.# #.# #.# .
#@##.# #.# ..#
..#.##..# #.# .## .##
##.# #.# .# ..
#.######.# .#
#........# .###
#..######## ...#
.....# .......
.....### ........
..###


You could see the friendly Xochipepe the ancestor.

Vanquished Creatures
  4 adders (D:2)
  An ooze (D:2)
  3 dart slugs (D:1)
  A leopard gecko (D:1)
  A giant cockroach (D:1)
  8 goblins
  10 hobgoblins
  2 jackals (D:1)
  4 kobolds
  7 bats
  A frilled lizard (D:1)
  5 rats
47 creatures vanquished.

Notes
Turn   | Place    | Note
-------+----------+-------------------------------------------
     0 | D:1      | sking99 the Octopode Assassin began the quest for the Orb.
     0 | D:1      | Reached XP level 1. HP: 14/14 MP: 1/1
   236 | D:1      | Reached skill level 6 in Stealth
   236 | D:1      | Reached XP level 2. HP: 16/19 MP: 2/2
   661 | D:1      | Reached XP level 3. HP: 24/24 MP: 3/3
  1247 | D:2      | Reached XP level 4. HP: 29/29 MP: 4/4
  2132 | D:2      | Found a faded altar of an unknown god.
  2134 | D:2      | Became a worshipper of Hepliaklqana the Forgotten
  2134 | D:2      | Reached * piety under Hepliaklqana
  2135 | D:2      | Quit the game

Skill      XL: |  1 |
---------------+----+-----
Stealth        | 6 |  6.7
Fighting       | |  2.0
Short Blades   | |  2.5
Throwing       | |  2.9
Dodging        | |  1.7

Action                   |  1- 3 |  4- 6 || total
-------------------------+-------+-------++-------
Melee: Dagger            |    36 |    29 ||    65
       Constrict         |     9 |     9 ||    18
       Tentacles         |     5 |     6 ||    11
 Fire: Blowgun           |    15 |     5 ||    20
 Stab: Sleeping          |     8 |     3 ||    11
       Distracted        |     1 |       ||     1
  Eat: Chunk             |     1 |     2 ||     3
Armor: Skin              |     1 |     1 ||     2
Dodge: Dodged            |    20 |    13 ||    33
